[Event "Czech Extraliga 2023-24"]
[Site "Czech Republic"]
[Date "2024.01.28"]
[Round "6.3"]
[White "LYS4 Plat Vojtech GM"]
[Black "UNI3 Cernousek Lukas IM"]
[Result "1-0"]
[ECO "C42"]
[WhiteElo "2503"]
[BlackElo "2454"]
[Annotator "TA"]
[PlyCount "103"]
[EventDate "2023.10.14"]
[EventCountry "CZE"]
[SourceTitle "playchess.com"]
[Source "ChessBase"]
[SourceQuality "1"]
[TimeControl "40/5400+30:1800+30"]

1. e4 e5 2. Nf3 Nf6 3. Nxe5 d6 4. Nf3 Nxe4 5. Bd3 Nf6 6. O-O {[%emt 0:00:06] C42: Petroff Defence: 3 Nxe5 and unusual White 3rd moves.} Be7 7. c3 O-O 8. Bc2 Bg4 9. d4 Re8 10. Nbd2 d5 11. Re1 Nbd7 12. Nf1 Bd6 13. Rxe8+ Qxe8 14. Bg5 $5 $146 {[%emt 0:04:29][%mdl 8] An interesting novelty.} ({Predecessor:} 14. Ne3 Bh5 15. Nf5 Bxf3 16. gxf3 Bf8 17. Bf4 Qd8 18. Qd2 Nh5 19. Bg5 Ndf6 20. Re1 {½-½ Aronian,L (2767)-Giri,A (2782) chess.com Speed 5m+1spm 2018 blitz (2.2)}) 14... Ne4 15. Bh4 Qe6 16. Bg3 Bf5 (16... Nxg3 $11 17. hxg3 Nf6) 17. Bxe4 $14 Bxe4 18. Ng5 Qf5 (18... Qg6 $14 19. Nxe4 dxe4) 19. Nxe4 $16 dxe4 20. Qb3 b6 21. Ne3 Qe6 22. Qxe6 fxe6 23. Nc4 Bxg3 24. hxg3 Rd8 25. Re1 Nf6 26. Kf1 Rd5 27. Ke2 Kf8 28. Rh1 h5 29. a4 Rf5 30. Ne5 Ke7 31. f4 exf3+ 32. gxf3 Nd7 (32... Rg5 $14) 33. Nc6+ $16 Kf7 34. Nxa7 Ra5 35. Nc6 Rxa4 36. Rxh5 Ra2 37. Rb5 Nf6 38. c4 Ne8 (38... Nd7 $16 {is a better defense.} 39. g4 Ra1) 39. g4 Nd6 40. Rb4 Kf6 41. c5 Nc8 42. Rb3 g5 {[%emt 0:00:00] [#]} 43. Kd3 $1 bxc5 44. dxc5 Ne7 $2 (44... Ra6) 45. Nxe7 $18 Kxe7 46. Kc4 Kd7 47. Kb5 Kc8 48. Re3 Kd7 49. c6+ Kd8 50. b4 ({Weaker is} 50. Rxe6 Rxb2+ 51. Kc4 Rf2 $14) 50... Rf2 51. Rxe6 Rxf3 52. Re5 1-0

[Event "Czech Extraliga 2023-24"]
[Site "Czech Republic"]
[Date "2024.01.28"]
[Round "6.3"]
[White "TUR5 Jaracz Pawel GM"]
[Black "LIN4 Petr Martin GM"]
[Result "1/2-1/2"]
[ECO "D32"]
[WhiteElo "2472"]
[BlackElo "2472"]
[Annotator "TA"]
[PlyCount "45"]
[EventDate "2023.10.14"]
[EventCountry "CZE"]
[SourceTitle "playchess.com"]
[Source "ChessBase"]
[SourceQuality "1"]
[TimeControl "40/5400+30:1800+30"]

1. c4 c5 2. Nf3 Nc6 3. d4 cxd4 4. Nxd4 Nf6 5. Nc3 e6 6. a3 d5 7. cxd5 exd5 8. e3 Bd6 9. Be2 O-O 10. O-O Re8 11. Nf3 a6 12. b4 Bb8 13. Bb2 Qd6 14. b5 {[%emt 0:06:53] The position is equal.} Ne5 15. Nxe5 Qxe5 {[%emt 0:00:18][%csl Gb8][%cal Re5h2] [#]} 16. g3 Bh3 17. Re1 Ne4 (17... Qg5 $11) 18. Nxe4 $16 Qxb2 19. Qxd5 {[%emt 0:07:27] [#] aiming for bxa6.} Qe5 20. Qxe5 ({Worse is} 20. Qxb7 Ra7 (20... Qxe4 21. Qxe4 Rxe4 22. b6 $11) 21. Qc6 Rc7 $17 (21... Qxe4 22. Qxe4 Rxe4 23. b6 $11)) 20... Bxe5 21. Rad1 axb5 22. Bxb5 Re7 23. a4 {[%emt 0:07:21] Black got outplayed after the opening.   Weighted Error Value: White=0.02 (flawless) /Black=0.13 (very precise) .  Mistake:       	---       	Black=1      OK:         	White=6     	Black=6      Best:        	White=2     	Black=1} 1/2-1/2

[Event "Czech Extraliga 2023-24"]
[Site "Czech Republic"]
[Date "2024.01.28"]
[Round "6.4"]
[White "UNI4 Bernasek Jan GM"]
[Black "LYS6 Vykouk Jan IM"]
[Result "1-0"]
[ECO "D35"]
[WhiteElo "2515"]
[BlackElo "2483"]
[Annotator "TA"]
[PlyCount "105"]
[EventDate "2023.10.14"]
[EventCountry "CZE"]
[SourceTitle "playchess.com"]
[Source "ChessBase"]
[SourceQuality "1"]
[TimeControl "40/5400+30:1800+30"]

1. d4 Nf6 2. c4 e6 3. Nf3 Bb4+ 4. Bd2 Be7 5. Nc3 d5 6. cxd5 exd5 7. Bf4 c6 8. h3 Bf5 9. e3 Qb6 {[%emt 0:11:42] D35: Queen's Gambit Declined: Exchange Variation.} 10. Qc1 h6 11. Be2 Nbd7 12. O-O O-O 13. Rd1 Rac8 14. Bf1 $146 ({Predecessor:} 14. Ne5 Nxe5 15. Bxe5 Qd8 16. Qd2 Qd7 17. Rac1 Rfd8 18. Bd3 Nh7 19. Qc2 Bxd3 20. Qxd3 Ng5 21. a3 {0-1 Bensdorp,M (2238)-Houska,J (2375) Amsterdam ACT op 1st 2004 (8)}) 14... Rfe8 15. Qd2 Bb4 16. Qe2 a5 17. Rac1 Qd8 18. Ne1 Nf8 19. Qf3 Be4 20. Nxe4 dxe4 21. Qe2 Nd5 22. Nc2 Ne6 23. Bh2 Bf8 24. Na3 Bxa3 25. bxa3 b5 26. Qc2 f5 27. a4 $1 Qd7 28. axb5 ({White should play} 28. a3 $16) 28... cxb5 $14 29. Qb2 (29. Qb3 $14 b4 30. Bc4) 29... b4 $1 $11 30. a3 f4 31. axb4 axb4 32. Qb3 Nc3 (32... Rc3 $2 33. Rxc3 Nxc3 34. Ra1 $18) (32... Kh8 $11) 33. Re1 $14 f3 (33... Kh7 $14) 34. Ra1 ({Much weaker is} 34. Qxb4 $6 fxg2 35. Kxg2 (35. Rxc3 $2 gxf1=Q+ 36. Kxf1 Ng5 $19) (35. Bxg2 Na2 $17) 35... Na2 $11) ({Better is} 34. Rc2 $1 $16) 34... Kh8 $11 35. h4 Qe7 {[%emt 0:04:07] [#]} (35... Nf8 $11) 36. Ra6 (36. Bg3 $1 $16) 36... Nc7 (36... fxg2 $1 $11 37. Bxg2 Ne2+ 38. Rxe2 Rc1+ 39. Bf1 Qxh4 40. Rxe6 Qg4+ 41. Bg3 Rxe6) 37. Ra7 $16 Qe6 (37... fxg2 $16 38. Bxg2 N3d5) 38. Qxb4 N7d5 {[%emt 0:00:13] [#]} 39. Qd6 $1 Qf5 (39... fxg2 {was necessary.} 40. Bxg2 (40. Kxg2 Qf5 $16) 40... Qxd6 41. Bxd6 Rc6) 40. Be5 $18 Nf6 41. Bxf6 gxf6 $2 (41... Qxf6 42. Qxf6 gxf6) 42. g3 $18 Nd5 43. Rd7 Nc3 44. Ra1 Re6 45. Rd8+ Re8 46. Rxc8 Rxc8 47. Kh2 Rg8 48. Bh3 (48. Bc4 $142 Re8 49. Ra7 Qg6 50. Bf7 (50. Rf7 Nb5 $18) 50... Qg7 51. Bxe8 Nb5 52. Bxb5 (52. Rxg7 Nxd6 53. Re7 Kg8 $18) 52... Qxa7 53. Bd7 (53. Qxf6+ Kh7 $18)) 48... Qg6 49. Be6 Re8 50. Qd7 Rf8 51. Ra7 h5 52. Bf5 Qh6 53. Qc6 1-0

[Event "Czech Extraliga 2023-24"]
[Site "Czech Republic"]
[Date "2024.01.28"]
[Round "6.4"]
[White "PAR6 Votava Jan GM"]
[Black "KRO6 Blohberger Felix GM"]
[Result "0-1"]
[ECO "E11"]
[WhiteElo "2473"]
[BlackElo "2522"]
[Annotator "RC"]
[PlyCount "72"]
[EventDate "2023.10.14"]
[EventCountry "CZE"]
[SourceTitle "playchess.com"]
[Source "ChessBase"]
[SourceQuality "1"]
[TimeControl "40/5400+30:1800+30"]

1. d4 Nf6 2. c4 e6 3. Nf3 d5 4. g3 Bb4+ 5. Bd2 Be7 6. Bg2 c6 7. Qc2 Nbd7 8. O-O O-O 9. Rd1 a5 10. Bg5 h6 11. Bxf6 Nxf6 12. Nbd2 a4 13. e4 Qa5 14. Rac1 Rd8 15. e5 Nd7 16. c5 b6 17. cxb6 Bb7 18. Nb1 Rdc8 19. Nc3 c5 20. Qe2 Qxb6 21. Qb5 Qxb5 22. Nxb5 Ba6 23. Nc3 a3 24. b3 cxd4 25. Rxd4 Rc7 26. Ne2 Rxc1+ 27. Nxc1 Rc8 28. Rd1 Rc2 29. Bf1 Bxf1 30. Kxf1 Bc5 31. Nd3 Rxa2 32. Rc1 Bb6 33. Rc8+ Kh7 34. Rc1 f6 35. exf6 gxf6 36. Rc6 Ra1+ 0-1

[Event "Czech Extraliga 2023-24"]
[Site "Czech Republic"]
[Date "2024.01.28"]
[Round "6.4"]
[White "BSS6 Zwardon Vojtech IM"]
[Black "NOV5 Nguyen Thai Dai Van GM"]
[Result "0-1"]
[ECO "A28"]
[WhiteElo "2470"]
[BlackElo "2618"]
[Annotator "TA"]
[PlyCount "72"]
[EventDate "2023.10.14"]
[EventCountry "CZE"]
[SourceTitle "playchess.com"]
[Source "ChessBase"]
[SourceQuality "1"]
[TimeControl "40/5400+30:1800+30"]

1. c4 Nf6 2. Nc3 e5 3. Nf3 Nc6 4. Qc2 g6 5. g3 Bg7 6. Bg2 O-O 7. O-O d6 8. d3 {[%emt 0:00:40] The position is equal.} Bg4 9. Re1 Qd7 10. Rb1 Bh3 11. Bh1 h6 12. b4 Ng4 13. Nd5 f5 14. b5 (14. d4 $5) 14... Nd8 15. c5 c6 16. bxc6 bxc6 17. Nh4 Kh7 (17... cxd5 $2 {too greedy.} 18. Bxd5+ Kh7 19. Bxa8 $18) 18. Qa4 g5 19. Nb6 (19. Nf3 $15) 19... axb6 $17 20. Qxa8 gxh4 21. cxb6 {[%emt 0:09:09] Strongly threatening b7.} Nb7 {[%emt 0:01:39] Really sharp!} 22. Qa4 d5 $40 {[%emt 0:00:06][%mdl 128] ...hxg3 would now be deadly. Black attacks with force.} 23. f3 hxg3 24. hxg3 {[%emt 0:06:16] [#]} (24. fxg4 f4 25. Bf3 Bxg4 $15) 24... f4 $1 25. Bg2 {[%emt 0:00:07] [#]} (25. fxg4 $2 {perishes.} Qxg4 26. Be4+ Kh8 $19 (26... dxe4 $2 27. Qxe4+ Rf5 28. Qf3 $19)) 25... Nf6 $1 {[%emt 0:02:20] ...Rg8 is the strong threat. A dynamic duo of knights.} 26. d4 $2 {[%emt 0:01:58] White does not recover from this.} (26. g4 $17 Bxg2 27. Kxg2) 26... Bxg2 27. Kxg2 Qf5 28. dxe5 Qxb1 29. exf6 Rxf6 30. Qa7 Rf7 31. a4 $2 (31. Qa4) 31... Qb4 $19 32. Rf1 fxg3 {[%emt 0:00:21] aiming for ...Qc4.} 33. Qa6 Nc5 34. Qc8 Qxb6 {[%emt 0:01:03] And now ...Rf6 would win.} 35. Rh1 {[%emt 0:00:00] [#]} Nd3 $1 36. Qh3 (36. Rf1 Nxc1) 36... Qf2# {[%emt 0:02:30] Weighted Error Value: White=0.49/Black=0.22 (precise) .  Mistake:       	White=3     	---        Inaccurate:     	White=3     	Black=1      OK:         	White=9     	Black=11     Best:        	White=3     	Black=5      Strong:       	---       	Black=1      Brilliant:      	---       	Black=1} 0-1

[Event "Czech Extraliga 2023-24"]
[Site "Czech Republic"]
[Date "2024.01.28"]
[Round "6.4"]
[White "LIN6 Rasik Vitezslav GM"]
[Black "TUR6 Vlasak Lukas IM"]
[Result "1/2-1/2"]
[ECO "C00"]
[WhiteElo "2413"]
[BlackElo "2442"]
[Annotator "TA"]
[PlyCount "20"]
[EventDate "2023.10.14"]
[EventCountry "CZE"]
[SourceTitle "playchess.com"]
[Source "ChessBase"]
[SourceQuality "1"]
[TimeControl "40/5400+30:1800+30"]

1. e4 e6 2. d3 d5 3. Nd2 Nf6 4. Ngf3 Nc6 5. c3 Bd6 {[%emt 0:00:45] The position is equal.} 6. Be2 O-O 7. O-O Re8 8. Re1 e5 9. Bf1 h6 10. h3 dxe4 {[%emt 0:00:34] A rather calm draw.   Weighted Error Value: White=0.04 (flawless) /Black=0.04 (flawless) .  Inaccurate:     	---       	Black=1      OK:         	White=1     	Black=2} 1/2-1/2

[Event "Czech Extraliga 2023-24"]
[Site "Czech Republic"]
[Date "2024.01.28"]
[Round "6.5"]
[White "NOV6 Grandelius Nils GM"]
[Black "BSS7 Piesik Piotr IM"]
[Result "1-0"]
[ECO "B13"]
[WhiteElo "2689"]
[BlackElo "2426"]
[Annotator "TA"]
[PlyCount "147"]
[EventDate "2023.10.14"]
[EventCountry "CZE"]
[SourceTitle "playchess.com"]
[Source "ChessBase"]
[SourceQuality "1"]
[TimeControl "40/5400+30:1800+30"]

1. e4 c6 2. d4 d5 3. exd5 cxd5 4. Nf3 Nf6 5. Ne5 g6 6. Bb5+ Nbd7 7. O-O a6 8. Bd3 Nxe5 9. dxe5 Ng4 10. Bf4 Bg7 11. Re1 Qb6 12. Qd2 g5 13. Bxg5 Nxe5 14. Nc3 Be6 15. Ne2 O-O-O 16. Qc3+ Kd7 17. Qa3 Qd6 18. Qb3 Kc8 19. Nd4 Ng4 20. Nf3 Rhg8 21. Bh4 Ne5 22. Nd2 Bh6 23. Qc3+ Nc6 24. Nb3 Bg7 25. Qd2 Bxb2 26. Rab1 Be5 27. Bg3 Bxg3 28. hxg3 h5 29. Na5 Nxa5 30. Qxa5 Qc7 31. Rb6 Rd6 32. Reb1 Rxb6 33. Rxb6 Kd8 34. Qb4 Kc8 35. Qb2 Bd7 36. Rh6 f6 37. Rxh5 (37. Qb4 {seems wilder.} Qe5 38. Rh7 e6 39. Qe7) 37... Qa5 38. Kh2 Bg4 39. Rh4 Kb8 40. Rh7 Re8 $2 (40... Qc5 $1 $11) 41. Bg6 $18 Rf8 42. Rxe7 Bc8 43. Bf5 Qd8 44. Rg7 (44. Qb4 $18 {Hoping for Bxc8.} a5 45. Qf4+ Ka7 46. Rh7) 44... Rh8+ $16 {[%emt 0:00:40] [#]} 45. Bh3 $1 Bd7 (45... d4 $16 46. Qb4 Qd5) 46. Kg1 Bc6 47. Qd4 Ka8 48. c3 Rf8 49. Qc5 Re8 50. Rf7 Re4 (50... Rg8 $142 51. Kh2 Re8) 51. Qf8 $18 Re8 52. Qg7 d4 53. cxd4 (53. Qxf6 $2 Qxf6 54. Rxf6 dxc3 $19) 53... Qxd4 54. Qxf6 ({But not} 54. Rxf6 $6 Qa1+ 55. Kh2 Ka7) 54... Qd1+ 55. Kh2 Re1 56. g4 Qd3 57. f3 (57. g5 $2 {gets mated.} Rh1+ 58. Kxh1 Qxh3+ 59. Kg1 Qxg2#) 57... Rd1 (57... Be8 {might work better.} 58. Rc7 Qe3) 58. Qe5 Qa3 59. g5 Rd5 60. Qf4 Qd3 61. Bf5 Qc3 62. g6 Rd4 63. Qg3 Bd5 64. Rf8+ Ka7 65. g7 Bxa2 66. g8=Q Bxg8 67. Rxg8 Qb4 68. Be4 (68. Qb8+ $142 Kb6 69. Rg6+ Kb5 70. Qxb7+ Ka4 71. Qxa6+ (71. Rxa6+ Kb3 $18) 71... Qa5 72. Bc2+ Kb4 73. Rb6+ Qxb6 74. Qxb6+ Kc4 75. Qb3+ Kc5 76. Qe3) 68... Rd6 $18 69. Qf2+ Rb6 70. Rg6 a5 71. Qxb6+ Qxb6 72. Rxb6 Kxb6 73. g4 a4 74. g5 1-0

[Event "Czech Extraliga 2023-24"]
[Site "Czech Republic"]
[Date "2024.01.28"]
[Round "6.5"]
[White "LYS8 Kraus Tomas IM"]
[Black "UNI5 Jurcik Marian GM"]
[Result "1/2-1/2"]
[ECO "B06"]
[WhiteElo "2491"]
[BlackElo "2398"]
[Annotator "TA"]
[PlyCount "27"]
[EventDate "2023.10.14"]
[EventCountry "CZE"]
[SourceTitle "playchess.com"]
[Source "ChessBase"]
[SourceQuality "1"]
[TimeControl "40/5400+30:1800+30"]

1. e4 g6 2. d4 Bg7 3. Nf3 d6 4. Bc4 Nf6 5. Qe2 O-O 6. O-O Bg4 7. Rd1 Nc6 8. Bb5 Nd7 {[%emt 0:05:12] [#] ...Bxf3 would now be deadly.} 9. c3 {[%emt 0:09:47] The position is equal.} e5 10. d5 Ne7 11. Nbd2 (11. h3 $11 Bxf3 12. Qxf3) 11... f5 $15 12. h3 Bh5 13. Bd3 Bh6 14. Nf1 {[%emt 0:03:35] Black took control after the opening.   Weighted Error Value: White=0.21 (precise) /Black=0.04 (flawless) .  Mistake:       	White=1     	---        Inaccurate:     	White=1     	Black=1      OK:         	White=4     	Black=4      Best:        	---       	Black=1} 1/2-1/2

[Event "Czech Extraliga 2023-24"]
[Site "Czech Republic"]
[Date "2024.01.28"]
[Round "6.5"]
[White "TUR7 Simacek Pavel GM"]
[Black "LIN8 Smolik Jachym FM"]
[Result "1/2-1/2"]
[ECO "B15"]
[WhiteElo "2452"]
[BlackElo "2339"]
[Annotator "TA"]
[PlyCount "61"]
[EventDate "2023.10.14"]
[EventCountry "CZE"]
[SourceTitle "playchess.com"]
[Source "ChessBase"]
[SourceQuality "1"]
[TimeControl "40/5400+30:1800+30"]

1. e4 c6 2. d4 d5 3. Nd2 dxe4 4. Nxe4 Nf6 5. Nxf6+ exf6 6. c3 Bd6 7. Bd3 O-O 8. Ne2 Re8 9. O-O Nd7 10. Bf4 Nf8 11. Qd2 Ng6 {[%emt 0:05:08][%cal Oe8e2] [#] ...Rxe2! is the strong threat.} 12. Bxd6 Qxd6 13. Ng3 Nf4 14. Ne4 Qc7 15. Rfe1 {[%emt 0:00:29][%cal Oe4f6] [#] Hoping for Nxf6+!} Be6 16. Bf1 Rad8 17. Nc5 b6 18. Nxe6 Nxe6 19. Qc2 g6 {[%emt 0:08:11] The position is equal.} 20. Re3 Ng5 21. Rae1 Rxe3 22. Rxe3 c5 23. dxc5 Qxc5 24. Rd3 (24. h4 $5 Ne6 $8 25. Rd3 $11) 24... Re8 25. Rd1 Kg7 26. Qa4 Re4 27. Qb5 (27. Qxa7 $2 {too greedy.} Rg4 28. g3 Ne4 $19) 27... Qc7 28. Qd3 Qe5 29. Qd6 Rg4 30. Qd3 {[%emt 0:02:28] Dodges Nh3+} Qd5 31. Qxd5 {[%emt 0:08:15] A rather calm draw.   Weighted Error Value: White=0.05 (flawless) /Black=0.03 (flawless) .  Inaccurate:     	White=1     	---        OK:         	White=7     	Black=11} 1/2-1/2

[Event "Czech Extraliga 2023-24"]
[Site "Czech Republic"]
[Date "2024.01.28"]
[Round "6.5"]
[White "KRO9 Rubes Jan FM"]
[Black "PAR7 Laznicka Viktor GM"]
[Result "1-0"]
[ECO "E11"]
[WhiteElo "2415"]
[BlackElo "2603"]
[Annotator "TA"]
[PlyCount "91"]
[EventDate "2023.10.14"]
[EventCountry "CZE"]
[SourceTitle "playchess.com"]
[Source "ChessBase"]
[SourceQuality "1"]
[TimeControl "40/5400+30:1800+30"]

1. d4 Nf6 2. Nf3 e6 3. c4 b6 4. Nc3 Bb4 5. Bd2 Bb7 6. e3 a5 7. Bd3 d6 8. Qc2 Nbd7 9. a3 {[%emt 0:08:13] E11: Bogo-Indian.} Bxc3 10. Bxc3 c5 11. Rd1 $146 ({Predecessor:} 11. O-O O-O 12. Rad1 h6 13. Rd2 Qe7 14. Rfd1 cxd4 15. Nxd4 Rfc8 16. Nb5 d5 17. Bf1 Bc6 18. Nd4 Bb7 19. Nb5 Bc6 20. Nd4 Bb7 21. Nb5 Bc6 {½-½ Sukandar,I (2383)-Kulaots,K (2525) Kragero op 2023 (3)}) 11... Qe7 12. O-O a4 13. e4 cxd4 14. Nxd4 Nc5 15. Nb5 Nfxe4 16. Bxe4 Bxe4 17. Qe2 O-O-O 18. f3 (18. Bxg7 Rhg8 19. f3 Bd3 20. Rxd3 Nxd3 $11 (20... Rxg7 21. Rd4 $16)) 18... Bc6 19. Bxg7 Rhg8 20. Nd4 (20. Bd4 $14) 20... Bb7 $11 21. Bh6 $1 e5 22. Nb5 Ba6 23. Be3 d5 $1 24. Kh1 (24. Rxd5 $2 Rxd5 (24... Bxb5 25. Rxd8+ Rxd8 26. cxb5 $18) 25. cxd5 Qd7 $19) (24. cxd5 $2 Qd7 25. Bxc5 Bxb5 $19) 24... Kb7 25. Bxc5 $1 (25. Rxd5 $2 Rxd5 (25... Bxb5 $2 26. Bxc5 Qc7 27. Rxd8 $18) 26. cxd5 Qd7 $19) (25. cxd5 $2 Qd7 26. Qc2 (26. Bxc5 $2 Bxb5 27. Qxe5 Bxf1 $19) 26... Qxb5 $19) 25... bxc5 26. Qc2 $1 (26. cxd5 $2 Qd7 27. Rfe1 Bxb5 $19 (27... Qxb5 $2 28. Qe4 $19)) 26... dxc4 ({Black should play} 26... Rg6 $14) 27. Nc3 (27. Qxc4 $2 Kb6 28. Qxa4 (28. Rxd8 $2 Rxd8 29. Qxa4 Bxb5 $19) 28... Bxb5 $19) (27. Qe4+ {with more complications.} Kb6 28. Nc3 Qg5 29. Nxa4+ Kb5 30. Nc3+) 27... Rd4 28. Qxh7 Qg5 (28... Rg6 $16 {was called for.}) 29. Qxf7+ $18 (29. Nxa4 $2 Qxg2#) 29... Ka8 30. g3 (30. Nxa4 $2 Qxg2#) 30... Rh8 {[%emt 0:00:21] [#]} 31. Rxd4 (31. Nxa4 $2 Qh6 $19 (31... Qxg3 32. Qe8+ Rxe8 33. hxg3 $15) (31... Qxg3 32. Qe8+ Rxe8 33. hxg3 $17)) (31. Ne4 $1 $18 Qh6 32. h4 (32. Nxc5 $2 Qxh2#)) 31... exd4 $11 (31... cxd4 $6 32. Ne4 Qh5 33. Qd5+ Bb7 34. Qa5+ Kb8 35. h4 $16) 32. Ne4 Qh6 $2 {[%emt 0:01:25] [#]} (32... Qe5 $1 $14) 33. h4 $2 ({White must play} 33. Rf2 $1 $18) 33... Qc6 $2 (33... c3 $1 $11 {and Black has nothing to worry.} 34. Nxc5 c2 35. Nxa6 c1=R (35... c1=B $2 36. Nc5 $18) (35... c1=Q 36. Nc7+ Kb8 37. Na6+ Ka8 38. Nc7+ Kb8 39. Na6+ Ka8 $11) 36. Qd5+ (36. Rxc1 Qxc1+ 37. Kg2 Qxb2+ 38. Kh3 Qb7 $11) 36... Ka7) 34. Rf2 $18 c3 (34... d3 $142 35. Kg2 Rc8) 35. bxc3 $18 d3 36. Kg2 Rd8 37. h5 Bb7 38. Rb2 Rd7 39. Qf4 Qd5 40. Nf6 Qxf3+ 41. Qxf3 Bxf3+ 42. Kxf3 d2 43. Rxd2 (43. Nxd7 $2 {too greedy.} d1=Q+ (43... d1=R $2 {loses.} 44. Nxc5 Rf1+ 45. Kg4 $18) 44. Re2 Qxd7 $19) 43... Rxd2 44. g4 Rd3+ 45. Ke4 Rxc3 46. h6 1-0

[Event "Czech Extraliga 2023-24"]
[Site "Czech Republic"]
[Date "2024.01.28"]
[Round "6.6"]
[White "UNI6 Rydl Jiri FM"]
[Black "LYS9 Baklan Vladimir GM"]
[Result "1/2-1/2"]
[ECO "E60"]
[WhiteElo "2404"]
[BlackElo "2546"]
[Annotator "TA"]
[PlyCount "105"]
[EventDate "2023.10.14"]
[EventCountry "CZE"]
[SourceTitle "playchess.com"]
[Source "ChessBase"]
[SourceQuality "1"]
[TimeControl "40/5400+30:1800+30"]

1. c4 Nf6 2. Nf3 g6 3. b3 Bg7 4. Bb2 d6 5. d4 c5 6. dxc5 Qa5+ 7. Qd2 Qxd2+ 8. Nbxd2 dxc5 9. g3 b6 10. Bg2 Bb7 11. O-O Nh5 12. Rab1 Nd7 13. Ne1 O-O-O 14. Nd3 Bxg2 15. Kxg2 Rhe8 16. a3 f5 17. Bxg7 Nxg7 18. b4 e5 19. Nb3 Ne6 20. bxc5 e4 21. cxb6 exd3 22. bxa7 Kc7 (22... dxe2 $2 23. a8=Q+ (23. a8=B $2 exf1=R 24. Rxf1 Kc7 $19) 23... Kc7 24. Qa5+ Kd6 25. Rfe1 $18 (25. Qd2+ Ke7 $18)) 23. exd3 Ra8 24. Rfe1 $1 Rxa7 25. Nd4 {[%emt 0:00:00] aiming for Nb5+.} Ra6 $36 {[%emt 0:00:06][%cal Od7f6][%mdl 2048] Black is more active.} 26. Nb5+ Kd8 27. d4 Nc7 28. Rxe8+ Nxe8 29. c5 {[%emt 0:00:00] Against Nd6} ({Better is} 29. Rb4 $15) 29... Nc7 30. Nd6 {[%emt 0:00:00] [#]} Nf6 $1 31. Rb8+ Ke7 32. Nc8+ {[%emt 0:05:12] [#]} Ke6 $1 33. Nb6 (33. Rb6+ Rxb6 34. cxb6 Kd7 $15) 33... Nfd5 $2 (33... Rxa3 $19 {And now ...Rd3 would win.} 34. Nc4 Ra6) 34. a4 $1 $11 Ke7 (34... Nf6 $142) 35. h4 {[%emt 0:00:23][%mdl 1024] White has compensation.} Nc3 36. Rb7 Kd8 37. Rb8+ Ke7 38. Rh8 N7d5 (38... Ne6 $1 $11 {remains equal.}) 39. Rxh7+ $16 Ke8 40. h5 (40. a5 $16) 40... gxh5 $1 $11 (40... Nxb6 41. cxb6 Rxb6 42. h6 $16) 41. Nc4 Rxa4 42. Nd6+ Kf8 $1 43. Nxf5 Ra2 44. Rd7 Nf6 {[%emt 0:00:00] A dynamic duo of knights.} 45. Rd8+ Kf7 46. c6 {[%emt 0:00:00] c7 would now be deadly.} Ncd5 47. Kf3 Rc2 {[%emt 0:00:00] The position is equal.} 48. Rd7+ Kg6 (48... Nxd7 $2 49. cxd7 Rc3+ 50. Kg2 $18) 49. Nh4+ Kh6 50. Rd6 Kg7 51. Nf5+ Kf7 52. Rd7+ Kg6 (52... Nxd7 $2 {loses.} 53. cxd7 Ne7 54. Nh6+ (54. d8=B $2 {is the wrong capture.} Nxf5 55. Bb6 Ne7 $19) (54. d8=N+ Ke8 $11) (54. d8=Q Nxf5 55. d5 Rd2 $18) 54... Ke6 55. d8=Q $18 (55. d8=B Nd5 $11)) 53. Nh4+ {[%emt 0:00:40] Weighted Error Value: White=0.11 (very precise) /Black=0.12 (very precise) .  Mistake:       	White=2     	Black=3      Inaccurate:     	White=4     	Black=2      OK:         	White=16    	Black=20     Best:        	White=4     	Black=5      Strong:       	White=2     	Black=4} 1/2-1/2

[Event "Czech Extraliga 2023-24"]
[Site "Czech Republic"]
[Date "2024.02.10"]
[Round "7.1"]
[White "NOV3 Harikrishna Pentala GM"]
[Black "LIN1 Piorun Kacper GM"]
[Result "1/2-1/2"]
[ECO "C67"]
[WhiteElo "2716"]
[BlackElo "2593"]
[Annotator "TA"]
[PlyCount "81"]
[EventDate "2023.10.14"]
[EventCountry "CZE"]
[SourceTitle "playchess.com"]
[Source "ChessBase"]
[SourceQuality "1"]
[TimeControl "40/5400+30:1800+30"]

1. e4 e5 2. Nf3 Nc6 3. Bb5 Nf6 4. O-O Nxe4 5. d4 Nd6 6. Bxc6 dxc6 7. dxe5 Nf5 8. Qxd8+ Kxd8 9. Nc3 Be7 10. h3 Nh4 {[%emt 0:08:48] [#] ...Nxf3+ would now be deadly.} 11. Nxh4 Bxh4 12. Be3 {[%emt 0:00:31] White has an edge.} Ke8 13. Rad1 h5 {[%emt 0:01:57] Black is weak on the dark squares} 14. Ne2 Be7 15. Rfe1 Bd7 16. Nd4 Rd8 17. e6 Bxe6 18. Nxe6 fxe6 19. Rxd8+ Bxd8 $11 {[%emt 0:01:06][%mdl 4096] Endgame. KRB-KRB} 20. Bd4 ({Reject} 20. Bxa7 b6 21. Rd1 (21. Rxe6+ $2 {loses.} Kd7 $19) 21... Rf8 $17) 20... Kf7 21. Be5 Bf6 22. Bxc7 Rc8 23. Bf4 Rd8 24. Be3 Rd5 25. b3 Bc3 26. Rb1 Ra5 27. a4 b5 28. axb5 cxb5 29. Kf1 Ra2 30. Ke2 Rxc2+ 31. Kd3 Rb2 32. Rxb2 Bxb2 33. Bxa7 {[%emt 0:00:07] KB-KB} e5 34. Ke4 {[%emt 0:03:51] [#] Black must now prevent Kd5.} Ke6 35. Bc5 Bc3 36. f3 g6 37. Bf8 Be1 38. Bh6 Ba5 39. g3 Be1 40. g4 Ba5 41. Bg7 {[%emt 0:31:40] An uneventful encounter.   Weighted Error Value: White=0.03 (flawless) /Black=0.01 (flawless) .  Inaccurate:     	White=1     	---        OK:         	White=14    	Black=17     Best:        	White=3     	---} 1/2-1/2